 Dungeon Crawl Stone Soup version 0.31-a0-222-gefeffbb62a (webtiles) character file.

Game seed: 16259475542287250284

32 Nietzsche the Ducker (level 3, -2/27 HPs)
             Began as a Demonspawn Gladiator on July 5, 2023.
             Slain by a jackal (3 damage)
             ... on level 2 of the Dungeon.
             The game lasted 00:03:24 (965 turns).

Nietzsche the Ducker (Demonspawn Gladiator)          Turns: 965, Time: 00:03:25

Health: -2/27      AC:  4    Str: 14    XL:     3   Next: 10%
Magic:  4/4        EV: 12    Int: 11    God:
Gold:   28         SH:  0    Dex: 14    Spells: 4/4 levels left

rFire   . . .        a - +0 trident
rCold   . . .        (no shield)
rNeg    . . .        b - +0 leather armour
rPois   .            c - +0 helmet
rElec   .            (no cloak)
rCorr   .            (no gloves)
SInv    .            (no boots)
Will    .....        (no amulet)
Stlth   +            (no ring)
HPRegen 0.24/turn    (no ring)
MPRegen 0.18/turn

%: no passive effects
@: no status effects
A: magic regeneration
a: no special abilities


You were on level 2 of the Dungeon.
You visited 1 branch of the dungeon, and saw 2 of its levels.

You collected 28 gold pieces.

Inventory:

Hand Weapons
 a - a +0 trident (weapon)
Missiles
 d - 3 throwing nets (quivered)
 e - a javelin
Armour
 b - a +0 leather armour (worn)
 c - a +0 helmet (worn)
 h - an orb of energy


   Skills:
 + Level 2.1 Fighting
 + Level 3.1 Polearms
 - Level 1.7 Throwing
 + Level 0.3 Armour
 + Level 3.1 Dodging
 * Level 1.0 Spellcasting


You had 4 spell levels left.
You didn't know any spells.
Your spell library was empty.

Dungeon Overview and Level Annotations

Branches:
Dungeon (2/15)

Altars:

Shops:
D:2 ?


Innate Abilities, Weirdness & Mutations

You regenerate magic rapidly.


Message History

The jackal bites you but does no damage.
The endoplasm hits you but does no damage.
The jackal bites you but does no damage.
You hit the endoplasm but do no damage. The jackal barely misses you.
The jackal bites you but does no damage.
The endoplasm freezes you.
You are frozen.
The jackal closely misses you. x2
You hit the endoplasm.
The endoplasm is almost dead.
The jackal bites you. The endoplasm freezes you.
You are frozen.
The jackal bites you.
The jackal bites you but does no damage.
You are too injured to fight recklessly!
You are too injured to fight recklessly!
You are too injured to fight recklessly!
You are too injured to fight recklessly!
You are too injured to fight recklessly!
You are too injured to fight recklessly!
You hit the jackal but do no damage.
The jackal bites you but does no damage.
The endoplasm freezes you.
You are frozen.
* * * LOW HITPOINT WARNING * * *
The jackal bites you but does no damage.
The jackal barely misses you.
You hit the jackal but do no damage. The jackal bites you.
* * * LOW HITPOINT WARNING * * *
The endoplasm closely misses you. The jackal barely misses you.
The jackal closely misses you. The endoplasm freezes you.
You are frozen.
* * * LOW HITPOINT WARNING * * *
As you read the scroll labelled NEITEBE ITHARGH, it crumbles to dust.
It is a scroll of identify.
You don't currently have any unidentified items.
The jackal bites you.
* * * LOW HITPOINT WARNING * * *
The jackal bites you.
You die...

#...........).
#.............
#...#.........
#......#......
#......#......
##.....#.....#
##.g..# #Jhh.#
#.@..# #....#
#....# #....#
#...♣. #.♣.∩.♣
####♣.. ..


You could see an endoplasm, 2 jackals and a hobgoblin.

Vanquished Creatures
  A dart slug (D:1)
  4 bats (D:1)
  An endoplasm (D:1)
  A giant cockroach (D:1)
  5 goblins (D:1)
  3 kobolds (D:1)
  A ball python (D:1)
  14 frilled lizards (D:1)
  3 rats (D:1)
33 creatures vanquished.

Notes
Turn   | Place    | Note
-------+----------+-------------------------------------------
     0 | D:1      | Nietzsche the Demonspawn Gladiator began the quest for the
                  | Orb.
     0 | D:1      | Reached XP level 1. HP: 16/16 MP: 1/1
    47 | D:1      | Noticed a golden eye
    50 | D:1      | Noticed an eye of devastation
    52 | D:1      | Found a faded altar of an unknown god.
    54 | D:1      | Noticed a golden eye
    68 | D:1      | Noticed an eye of devastation
    82 | D:1      | Gained mutation: You regenerate magic rapidly. [demonic
                  | ancestry]
    82 | D:1      | Reached XP level 2. HP: 22/22 MP: 2/2
   509 | D:1      | Reached XP level 3. HP: 27/27 MP: 4/4
   667 | D:1      | Reached skill level 1 in Spellcasting
   952 | D:2      | Found Siheonn's Magic Scroll Emporium.
   965 | D:2      | HP: 1/27 [jackal (2)]
   965 | D:2      | Slain by a jackal

Illustrated notes

Levels and vault maps discovered:
D:1:      dpeg_arrival_radiant, layout_loops_ring,
          hellmonk_ecumenical_altar_watching_god, minmay_lizard_king
D:2:      layout_basic, serial_shops, nicolae_shop_trees

Skill      XL: |  1  2  3 |
---------------+----------+-----
Dodging        | 3 |  3.1
Polearms       | 3 |  3.1
Spellcasting   | 1 |  1.0
Fighting       | |  2.1
Throwing       | |  1.7
Armour         | |  0.3

Action                     || total
---------------------------++-------
  Melee: Trident           ||   101
         Punch             ||     1
    Use: Potion            ||     3
         Scroll            ||     1
   Stab: Sleeping          ||     2
 Armour: Leather armour    ||    49
  Dodge: Dodged            ||   107

Table legend: (Time is in decaauts)
 A = Elapsed time spent in this place.
 B = Non-inter-level travel time spent in this place.
 C = Inter-level travel time spent in this place.
 D = Time resting spent in this place.
 E = Time spent auto-exploring this place.
 F = Levels seen in this place.
 G = Mean time per level.
                   A        B        C        D        E       F      G
               +--------+--------+--------+--------+--------+-----+--------+
         Total |    981 |    909 |     72 |      0 |    664 |   2 |  490.5 |
       Dungeon |    981 |    909 |     72 |      0 |    664 |   2 |  490.5 |
               +--------+--------+--------+--------+--------+-----+--------+

Top non-repeatable levels by time:
     D:1: 925 daAuts
     D:2: 55 daAuts
